 Dungeon Crawl Stone Soup version 0.18.1-5-g4a78601 (webtiles) character file.

2928 Northaan the Digger (level 9, 0/51 HPs)
             Began as a Gargoyle Earth Elementalist on May 14, 2016.
             Was a Believer of Vehumet.
             Slain by a killer bee (6 damage)
             ... on level 8 of the Dungeon.
             The game lasted 00:28:48 (8742 turns).

Northaan the Digger (Gargoyle Earth Elementalist)   Turns: 8742, Time: 00:28:49

Health: 0/51       AC: 10    Str: 13    XL:     9   Next: 79%
Magic:  4/19       EV: 12    Int: 18    God:    Vehumet [**....]
Gold:   390        SH:  0    Dex: 10    Spells: 2 memorised, 18 levels left

rFire  + . .     SeeInvis .     E - staff of fire
rCold  . . .     Gourm    .     a - +0 robe
rNeg   + . .     Faith    .     (no shield)
rPois  ∞         Spirit   .     x - +0 helmet
rElec  +         Dismiss  .     n - +0 cloak
rCorr  .         Reflect  .     (no gloves)
SustAt .         Harm     .     (no boots)
MR     .....                    (no amulet)
Stlth  ++........               (no ring)
                                (no ring)

@: not resistant to hostile enchantments, unstealthy
A: negative energy resistance 1, electricity resistance, unbreathing,
petrification resistance, rot immunity, AC +5
a: Renounce Religion


You were on level 8 of the Dungeon.
You worshipped Vehumet.
Vehumet was pleased with you.
You were not hungry.

You visited 2 branches of the dungeon, and saw 9 of its levels.

You collected 390 gold pieces.

Inventory:

Hand Weapons
 i - a +0 club
 o - a +1 whip of pain
Missiles
 b - 152 stones (quivered)
Armour
 a - a +0 robe (worn)
 n - a +0 cloak (worn)
 x - a +0 helmet (worn)
Magical Staves
 E - an uncursed staff of fire (weapon)
 M - an uncursed staff of death
Jewellery
 g - an uncursed ring of flight
Wands
 I - a wand of lightning (8/15)
 N - a wand of acid (4/15)
Scrolls
 f - a scroll of amnesia
 h - 10 scrolls of identify
 l - a scroll of magic mapping {unknown}
 m - a scroll of enchant weapon
 p - 3 scrolls of enchant armour {unknown}
 r - 2 scrolls of immolation {unknown}
 s - 2 scrolls of blinking {unknown}
 u - 4 scrolls of remove curse
 w - a scroll of teleportation {unknown}
 y - 2 scrolls of noise {unknown}
 G - a scroll of fear {unknown}
 H - 2 scrolls of fog {unknown}
 J - a scroll of random uselessness {unknown}
 K - a scroll of recharging {unknown}
Potions
 e - a potion of lignification
 j - 2 potions of invisibility {unknown}
 k - 4 potions of curing {unknown}
 q - a potion of cancellation {unknown}
 t - 3 potions of flight {unknown}
 v - 3 potions of mutation {unknown}
 B - a potion of degeneration {unknown}
 C - 2 potions of heal wounds {unknown}
 D - a potion of might {unknown}
 L - a potion of ambrosia {unknown}
Books
 c - a book of Geomancy

   Spells                             Type                      Level
   a - Sandblast                      Earth                        1
   b - Passwall                       Transmutation/Earth          2
   c - Stone Arrow                    Conjuration/Earth            3
   d - Petrify                        Transmutation/Earth          4
   e - Lee's Rapid Deconstruction     Earth                        5
 A - the Handbook of Ashen Augmentations
   (You found it on level 5 of the Dungeon)

   Spells                             Type                      Level
   a - Song of Slaying                Charms                       2
   b - Passwall                       Transmutation/Earth          2
   c - Spectral Weapon                Hexes/Charms                 3
   d - Haste                          Charms                       6
   e - Ring of Flames                 Charms/Fire                  7
Comestibles
 d - 5 bread rations
 z - a fruit
 F - a beef jerky
 O - 4 chunks of flesh


   Skills:
 + Level 3.5 Fighting
 - Level 3.3 Maces & Flails
 + Level 0.2(2.0) Staves
 + Level 3.7 Armour
 + Level 3.2 Dodging
 - Level 2.1 Stealth
 + Level 7.1 Spellcasting
 * Level 5.5 Conjurations
   Level 0.7 Transmutations
 + Level 7.5 Earth Magic
 + Level 2.6 Evocations


You had 18 spell levels left.
You knew the following spells:

 Your Spells              Type           Power        Failure   Level  Hunger
a - Sandblast             Erth           ####..       1%          1    None
b - Stone Arrow           Conj/Erth      ####..       2%          3    ##.....


Dungeon Overview and Level Annotations

Branches:
Dungeon (8/15)             Temple (1/1) D:4
   Lair: D:8-11

Altars:
Ashenzari
Cheibriados
Dithmenos
Elyvilon
Nemelex Xobeh
Okawaru
Pakellas
Qazlal
Sif Muna
Trog
Vehumet
Zin
The Shining One

Shops:
D:6 %   D:8 (


Innate Abilities, Weirdness & Mutations

You are resistant to torment.
Your stone body is resilient (AC +5).
You are immune to poison.
You resist negative energy.
You are resistant to electric shocks.
You can survive without breathing.
You are immune to petrification.
You are immune to rotting.


Message History

* * * LOW HITPOINT WARNING * * *
The killer bee stings you.
* * * LOW HITPOINT WARNING * * *
The killer bee closely misses you.
The jackal bites you but does no damage.
The killer bee stings you but does no damage.
The killer bee closely misses you. The hound completely misses you.
The killer bee stings you but does no damage.
The hound closely misses you. The killer bee barely misses you. x3
The hound bites you.
* * * LOW HITPOINT WARNING * * *
The killer bee stings you but does no damage. x2
The killer bee stings you but does no damage.
The killer bee barely misses you. The hound closely misses you.
The killer bee stings you but does no damage. x2
The killer bee barely misses you. The killer bee closely misses you.
The killer bee stings you.
* * * LOW HITPOINT WARNING * * *
The killer bee stings you.
You die...

#........# #.# #........#
.. ####.....# . #####
##...## ...# #...# # ..#
#...# . #.
#.#######...####.##
##.#####.#yh.c....(..(...#
....#...÷@yhZhh...........
#....##÷#yh.....∩...>....
#......)######......##...
#####.÷......#.†..#.# .#
#.$#####.#.(..#.# # #..#
#†...#.# #..##...........#
.P...s.$##.##.##...###
.?P.....# #. #####


You could see a centaur, a hound, 3 killer bees, an adder zombie, 4 jackals and
a giant cockroach (wandering).

Vanquished Creatures
  A basilisk (D:8)
  Eustachio (D:5)
  Menkaure (D:6)
  A water moccasin (D:4)
  2 porcupines (D:8)
  Duvessa (D:4)
  An ice beast (D:7)
  A wasp (D:7)
  A sky beast (D:5)
  3 ogres
  A crocodile (D:8)
  Blork the orc (D:5)
  5 giant frogs
  Dowan (D:4)
  3 scorpions
  6 howler monkeys
  A giant frog zombie (D:5)
  2 orc wizards
  An orc priest (D:5)
  3 iguanas
  6 worker ants
  5 sheep (D:8)
  A hound skeleton (D:6)
  A worker ant zombie (D:7)
  4 river rats
  5 adders
  3 gnolls (D:6)
  2 howler monkey skeletons
  A shadow imp (D:8)
  An adder zombie (D:6)
  2 oozes
  2 adder skeletons
  A worm (D:3)
  7 giant geckos
  4 orcs
  A ball python (D:2)
  15 bats
  5 giant cockroaches
  7 goblins
  8 hobgoblins
  22 jackals
  10 kobolds
  3 quokkas
  A giant cockroach zombie (D:6)
  14 giant newts
  A quokka skeleton (D:7)
  5 rats
174 creatures vanquished.

Notes
Turn   | Place    | Note
--------------------------------------------------------------
     0 | D:1      | Northaan the Gargoyle Earth Elementalist began the quest for the Orb.
     0 | D:1      | Reached XP level 1. HP: 10/10 MP: 3/3
   136 | D:1      | Reached XP level 2. HP: 3/15 MP: 0/5
  1256 | D:1      | Reached XP level 3. HP: 14/19 MP: 1/7
  1661 | D:2      | Learned a level 3 spell: Stone Arrow
  2057 | D:2      | Reached XP level 4. HP: 1/24 MP: 5/9
  2577 | D:2      | Found a glowing silver altar of Zin.
  2910 | D:3      | Reached XP level 5. HP: 23/28 MP: 0/11
  3329 | D:3      | Reached skill level 5 in Earth Magic
  3879 | D:4      | Reached XP level 6. HP: 32/32 MP: 9/12
  3887 | D:4      | Noticed Duvessa
  3887 | D:4      | Noticed Dowan
  3894 | D:4      | Killed Dowan
  3899 | D:4      | Killed Duvessa
  3899 | D:4      | Reached skill level 5 in Spellcasting
  4168 | D:4      | Found a staircase to the Ecumenical Temple.
  4215 | Temple   | Entered the Ecumenical Temple
  4385 | Temple   | Became a worshipper of Vehumet
  4438 | D:4      | Noticed a water moccasin
  4450 | D:4      | Killed a water moccasin
  4450 | D:4      | Reached XP level 7. HP: 23/36 MP: 11/15
  4889 | D:5      | Entered Level 5 of the Dungeon
  5093 | D:5      | Noticed Blork the orc
  5099 | D:5      | Killed Blork the orc
  5105 | D:5      | Reached skill level 1 in Conjurations
  5220 | D:5      | Reached skill level 1 in Maces & Flails
  5334 | D:5      | Reached skill level 1 in Fighting
  5353 | D:5      | Reached skill level 1 in Armour
  5353 | D:5      | Reached XP level 8. HP: 43/43 MP: 1/17
  5563 | D:5      | Noticed Eustachio
  5746 | D:5      | Killed Eustachio
  5810 | D:5      | Identified the Handbook of Ashen Augmentations (You found it on level 5 of the Dungeon)
  5976 | D:6      | Noticed Menkaure
  5979 | D:6      | Killed Menkaure
  5979 | D:6      | Reached skill level 1 in Evocations
  6049 | D:6      | Found a shattered altar of Ashenzari.
  6049 | D:6      | Found a bloodstained altar of Trog.
  6304 | D:6      | Found a white marble altar of Elyvilon.
  6354 | D:6      | Reached * piety under Vehumet
  6354 | D:6      | Offered knowledge of Shock by Vehumet.
  6586 | D:6      | Found a glowing golden altar of the Shining One.
  6819 | D:6      | Found an iron altar of Okawaru.
  6839 | D:6      | Found Tuxer's Food Boutique.
  6859 | D:6      | Reached XP level 9. HP: 43/49 MP: 3/18
  8316 | D:8      | Found Cenaitoo's Weapon Shoppe.
  8410 | D:8      | Reached skill level 5 in Conjurations
  8712 | D:8      | Reached ** piety under Vehumet
  8712 | D:8      | Offered knowledge of Magic Dart by Vehumet.
  8742 | D:8      | Slain by a killer bee

Skill      XL: |  1  2  3  4  5  6  7  8  9 |
---------------+----------------------------+-----
Earth Magic    | 4 5 6 7 |  7.5
Spellcasting   | 3 4 5 6 7 |  7.1
Conjurations   | 2 4 5 |  5.5
Maces & Flails | 1 2 3 |  3.3
Fighting       | 1 2 3 |  3.5
Armour         | 1 2 3 |  3.7
Dodging        | 2 3 |  3.2
Evocations     | 1 2 |  2.6
Staves         | |  0.2
Stealth        | |  2.1
Transmutations | |  0.7

Action                   |  1- 3 |  4- 6 |  7- 9 || total
-------------------------+-------+-------+-------++-------
Melee: Unarmed           |     5 |       |       ||     5
       Club              |   101 |       |       ||   101
       Whip              |    52 |   199 |    43 ||   294
       Staff             |       |       |    99 ||    99
 Cast: Sandblast         |    26 |    50 |   120 ||   196
       Stone Arrow       |       |     2 |    68 ||    70
  Use: Scroll            |       |     3 |     1 ||     4
 Stab: Sleeping          |     4 |     1 |     1 ||     6
  Eat: Chunk             |     3 |     4 |    14 ||    21
       Meat ration       |       |     1 |       ||     1
       Royal jelly       |       |       |     1 ||     1
Armor: Robe              |    97 |   140 |   122 ||   359
Dodge: Dodged            |   147 |   199 |   181 ||   527
